 Dungeon Crawl Stone Soup version 0.25.1-2-g60ff931df9 (webtiles) character file.

Game seed: 6977117960038669373

407 raphialitos the Shield-Bearer (level 7, 0/54 HPs)
             Began as a Formicid Fighter on Oct 21, 2020.
             Slain by a water moccasin (2 damage)
             ... on level 3 of the Dungeon.
             The game lasted 00:07:09 (3531 turns).

raphialitos the Shield-Bearer (Formicid Fighter)    Turns: 3531, Time: 00:07:11

Health: 0/54       AC:  7    Str: 23    XL:     7   Next: 12%
Magic:  0/7        EV:  9    Int:  7    God:
Gold:   100        SH: 11    Dex: 10    Spells: 6/6 levels left

rFire    . . .     SeeInvis +   q - +1 scythe (flame)
rCold    . . .     Gourm    .   c - +1 kite shield
rNeg     . . .     Faith    .   b - +0 scale mail
rPois    .         Spirit   +   (helmet unavailable)
rElec    .         Reflect  .   (no cloak)
rCorr    .         Harm     .   (no gloves)
MR       .....                  (no boots)
Stlth    ..........             o - amulet of guardian spirit
HPRegen  0.18/turn              i - ring of teleportation (curse)
MPRegen  0.10/turn              (no ring)

@: lethally poisoned (0 -> -34), flying
A: permanent stasis, dig shafts and tunnels, four strong arms, antennae 3
a: Dig, Shaft Self


You were on level 3 of the Dungeon.
You were very hungry.

You visited 1 branch of the dungeon, and saw 3 of its levels.

You collected 100 gold pieces.

Inventory:

Hand Weapons
 a - a +0 war axe
 q - a +1 scythe of flaming (weapon)
Missiles
 e - 27 arrows
 j - 3 boomerangs
 t - 7 poisoned darts
 u - 3 curare-tipped darts (quivered)
Armour
 b - a +0 scale mail (worn)
 c - a +1 kite shield (worn)
Jewellery
 i - a cursed ring of teleportation (left hand)
 o - an amulet of guardian spirit (around neck)
Wands
 p - a wand of random effects (21)
 y - a wand of polymorph (10)
Scrolls
 g - a scroll of identify
 n - 2 scrolls of remove curse {unknown}
 w - a scroll of enchant weapon {unknown}
Potions
 d - a potion of might
 k - a potion of cancellation {unknown}
 l - a potion of brilliance
 r - a potion of magic {unknown}
 s - 2 potions of mutation
Comestibles
 f - 6 rations


   Skills:
 + Level 4.2 Fighting
 + Level 3.8(4.1) Axes
 + Level 2.1(3.3) Polearms
 + Level 4.5 Armour
 + Level 1.4 Dodging
 + Level 0.2 Stealth
 + Level 5.4 Shields


You had 6 spell levels left.
You didn't know any spells.
Your spell library was empty.

Dungeon Overview and Level Annotations

Branches:
Dungeon (3/15)

Altars:
Dithmenos
Ru


Innate Abilities, Weirdness & Mutations

You cannot be hasted, slowed, berserked, paralysed or teleported.
You can dig through walls and to a lower floor.
Your four strong arms can wield two-handed weapons with a shield.
You have a pair of large antennae on your head. (SInv)


Message History

* * * LOW HITPOINT WARNING * * *
You block the water moccasin's attack.
Attack whom?
Press: ? - help, Dir - move target cursor, f/p - water moccasin
Aim: a water moccasin (heavily wounded)
You closely miss the water moccasin.
The water moccasin is heavily wounded.
* * * LOW HITPOINT WARNING * * *
You feel very sick. You block the water moccasin's attack.
The water moccasin bites you.
* * * LOW HITPOINT WARNING * * *
You are more poisoned.
The water moccasin poisons you! The water moccasin closely misses you.
It was a potion of flight.
You feel very buoyant.
You fly up into the air.
* * * LOW HITPOINT WARNING * * *
You feel very sick. The water moccasin bites you.
You die...

##...##....'..≈..≈.≈#
##÷########≈..≈≈⌠.≈#
#.# #≈.§....§# #.#
#§≈≈≈≈≈≈§# #.#
############ #.#
##...## ###.#
##...%.## ###.#.#
##.......##
####.....###...S@....#
...........'.........+
####....####.........#
#...## ##.......##
#...# ##.....## ##.##
##...## #{# ##+## #.#
.#


You could see a water moccasin.

Vanquished Creatures
  Sigmund (D:2)
  A centaur (D:3)
  An orc wizard (D:3)
  5 adders
  An ooze (D:3)
  A worm (D:3)
  2 dart slugs
  4 leopard geckos
  5 orcs (D:3)
  5 giant cockroaches
  7 goblins
  7 hobgoblins
  5 jackals (D:2)
  8 kobolds
  6 quokkas
  7 bats
  5 frilled lizards
  9 rats
80 creatures vanquished.

Notes
Turn   | Place    | Note
-------+----------+-------------------------------------------
     0 | D:1      | raphialitos the Formicid Fighter began the quest for the
                  | Orb.
     0 | D:1      | Reached XP level 1. HP: 18/18 MP: 1/1
   110 | D:1      | Reached skill level 4 in Shields
   110 | D:1      | Reached XP level 2. HP: 24/24 MP: 2/2
   501 | D:1      | Reached XP level 3. HP: 29/29 MP: 3/3
  1190 | D:2      | Noticed Sigmund
  1204 | D:2      | Killed Sigmund
  1204 | D:2      | Reached XP level 4. HP: 11/37 MP: 0/4
  1204 | D:2      | Reached XP level 5. HP: 13/42 MP: 0/5
  1204 | D:2      | Reached XP level 6. HP: 14/48 MP: 0/6
  1794 | D:2      | Reached skill level 1 in Dodging
  2368 | D:3      | Reached skill level 5 in Shields
  2380 | D:3      | Reached skill level 1 in Polearms
  2972 | D:3      | Found a shadowy altar of Dithmenos.
  2973 | D:3      | Found a sacrificial altar of Ru.
  3201 | D:3      | HP: 2/48 [quokka (1)]
  3203 | D:3      | Reached XP level 7. HP: 6/54 MP: 0/7
  3518 | D:3      | Noticed a water moccasin
  3531 | D:3      | HP: 2/54 [poisoned by a water moccasin]
  3531 | D:3      | Slain by a water moccasin

Illustrated notes

Levels and vault maps discovered:
D:1:      kennysheep_arrival_forest, layout_basic
D:2:      layout_basic, st_stairs_10, corexii_leaking_fountain, uniq_sigmund
D:3:      layout_loops_corners, grunt_temple_overflow_open, first_ration,
          kennysheep_generic_room_7

Skill      XL: |  1  2  3  4  5  6 |
---------------+-------------------+-----
Shields        | 4 5 |  5.4
Axes           | 3 |  3.8
Armour         | 4 |  4.5
Fighting       | 4 |  4.2
Dodging        | 1 |  1.4
Polearms       | 2 |  2.1
Stealth        | |  0.2

Action                   |  1- 3 |  4- 6 |  7- 9 || total
-------------------------+-------+-------+-------++-------
Melee: War axe           |   109 |       |       ||   109
       Scythe            |       |   195 |    17 ||   212
  Use: Scroll            |     4 |     6 |       ||    10
       Potion            |       |     1 |     1 ||     2
  Eat: Chunk             |     1 |     7 |       ||     8
Armor: Scale mail        |    35 |   112 |     6 ||   153
Dodge: Dodged            |    41 |   101 |    13 ||   155
Block: Kite shield       |    62 |   179 |    17 ||   258
